 Dungeon Crawl Stone Soup version 0.27.0-1-g7a089689b8 (webtiles) character file.

Game seed: 2064304759747504889

502 makewrite the Poker (level 7, 0/61 HPs)
             Began as a Hill Orc Fighter on Aug 15, 2021.
             Slain by an ogre (21 damage)
             ... on level 4 of the Dungeon.
             The game lasted 00:12:30 (5205 turns).

makewrite the Poker (Hill Orc Fighter)              Turns: 5205, Time: 00:12:31

Health: 0/61       AC:  8    Str: 19    XL:     7   Next: 17%
Magic:  7/7        EV:  7    Int:  8    God:
Gold:   99         SH: 11    Dex: 12    Spells: 6/6 levels left

rFire    . . .     SeeInvis .   a - +2 trident
rCold    . . .     Faith    .   c - +2 kite shield
rNeg     . . .     Spirit   .   b - +0 scale mail
rPois    .         Reflect  .   n - +0 helmet
rElec    .         Harm     .   (no cloak)
rCorr    .         Rampage  .   (no gloves)
Will     .....                  (no boots)
Stlth    ..........             (no amulet)
HPRegen  0.20/turn              (no ring)
MPRegen  0.10/turn              (no ring)

@: no status effects
A: no striking features
a: no special abilities


You were on level 4 of the Dungeon.
You visited 1 branch of the dungeon, and saw 5 of its levels.

You collected 151 gold pieces.
You spent 52 gold pieces at shops.

Inventory:

Hand Weapons
 a - a +2 trident (weapon)
Missiles
 h - 46 poisoned darts (quivered)
Armour
 b - a +0 scale mail (worn)
 c - a +2 kite shield (worn)
 n - a +0 helmet (worn)
Wands
 f - a wand of polymorph (4)
 j - a wand of digging (4)
Scrolls
 e - 3 scrolls of blinking
 g - 2 scrolls of teleportation
Potions
 d - 2 potions of might
 i - a potion of invisibility {unknown}
 k - 2 potions of brilliance {unknown}
 l - a potion of lignification {unknown}
 m - 2 potions of curing
 o - 2 potions of heal wounds {unknown}
 t - a potion of cancellation {unknown}
 u - a potion of flight {unknown}


   Skills:
 + Level 5.3 Fighting
 * Level 5.4 Polearms
 + Level 4.8 Armour
 + Level 4.8 Shields


You had 6 spell levels left.
You didn't know any spells.
Your spell library contained the following spells:

 Spells                   Type           Power      Damage    Failure   Level
 Sting                    Tmut/Pois      0%         1d3       99%         1
 Poisonous Vapours        Pois/Air       0%         N/A       100%        2
 Olgreb's Toxic Radiance  Pois           0%         N/A       100%        4


Dungeon Overview and Level Annotations

Branches:
Dungeon (5/15)             Temple (0/1) D:4

Altars:
Hepliaklqana
Ru

Shops:
D:3 [   D:4 ?:

Annotations:
D:4 Blork the orc


Message History

The gnoll shaman is heavily wounded.
The gnoll shaman hits you with a +0 whip!
You puncture the gnoll shaman!
You kill the gnoll shaman!
Things that are here:
a +0 whip; a +0 leather armour
Things that are here:
a +0 whip; a +0 leather armour
There is a stone staircase leading down here.
You climb downwards.
The ogre hits you but does no damage.
There is a stone staircase leading up here.
You hit the ogre.
The ogre is lightly wounded.
The ogre hits you but does no damage.
A gnoll comes into view. It is wielding a +0 vorpal halberd.
The gnoll shouts!
You hit the ogre.
The ogre is moderately wounded.
You hear a shout! x2
The ogre hits you with a +0 giant club! The white imp gestures at you.
You block the puff of frost.
You closely miss the ogre.
The ogre is moderately wounded.
The ogre hits you with a +0 giant club!!
* * * LOW HITPOINT WARNING * * *
The white imp gestures at you. The puff of frost hits you.
* * * LOW HITPOINT WARNING * * *
You block the ogre's attack.
You climb upwards.
Level annotation: Blork the orc
There is a stone staircase leading down here.
There is an entrance to Wiwodod's Magic Scroll Shoppe here.
You see here 2 scrolls of noise.
There is a stone staircase leading up here.
The ogre barely misses you.
You feel better.
The ogre hits you with a +0 giant club!!
You die...

,,,,* *,* #.##....###. ,,,,****,*
#.#####..#*# ,,,,,,.*,* #.## ##.#
* ,,,,**...##### #..# #.###
,,,,***#.....##########.#####....
,,,,*###.###.................###.
,**,,........####.............##.
,**,,........# #O..............#.
***,,........###@..†...........##
*,,........#...................
*,,.....)....#...............##
*,,........8.................#
*,,..............(..........##
*,,..........<...8...#.....##
*,,...............#..#######
***#######.....∩.....#
#...........#


You could see an ogre.

Vanquished Creatures
  An ice beast (D:5)
  The ghost of kthxbai the Grave Robber, a weakling DsNe (D:2)
  3 hounds
  Crazy Yiuf (D:3)
  A gnoll shaman (D:4)
  Natasha (thrice) (D:2)
  A hound skeleton (D:4)
  Robin (D:3)
  4 adders
  2 worms (D:3)
  3 dart slugs
  An orc (D:4)
  8 ball pythons
  8 endoplasms
  3 giant cockroaches
  13 goblins
  9 hobgoblins
  6 jackals
  3 quokkas
  4 bats
  2 frilled lizards
  5 kobolds
  2 rats
85 creatures vanquished.

Notes
Turn   | Place    | Note
-------+----------+-------------------------------------------
     0 | D:1      | makewrite the Hill Orc Fighter began the quest for the Orb.
     0 | D:1      | Reached XP level 1. HP: 19/19 MP: 1/1
   131 | D:1      | Reached XP level 2. HP: 25/27 MP: 2/2
   631 | D:1      | Reached XP level 3. HP: 33/33 MP: 3/3
   642 | D:1      | Found a faded altar of an unknown god.
  1475 | D:2      | Noticed Natasha
  1490 | D:2      | Killed Natasha
  1491 | D:2      | Reached XP level 4. HP: 19/40 MP: 4/4
  1954 | D:2      | Noticed Natasha
  1959 | D:2      | Killed Natasha
  2222 | D:3      | Noticed Robin
  2414 | D:3      | Reached XP level 5. HP: 31/47 MP: 5/5
  2421 | D:3      | Killed Robin
  2537 | D:3      | Found a runed translucent door.
  2538 | D:3      | Noticed Crazy Yiuf
  2575 | D:3      | Found Asehi's Antique Armour Shoppe.
  2875 | D:3      | Found a hazy altar of Hepliaklqana.
  2910 | D:3      | Found a runed translucent door.
  2914 | D:3      | Noticed kthxbai's ghost (weakling DsNe)
  3381 | D:4      | Found Wiwodod's Magic Scroll Shoppe.
  3687 | D:2      | Killed kthxbai's ghost
  3747 | D:2      | Noticed Natasha
  3762 | D:2      | Killed Natasha
  3763 | D:2      | Reached XP level 6. HP: 18/55 MP: 6/6
  4101 | D:3      | Killed Crazy Yiuf
  4325 | D:4      | Reached skill level 5 in Fighting
  4345 | D:4      | Noticed Blork the orc
  4515 | D:3      | Reached skill level 5 in Polearms
  4527 | D:4      | Bought a scroll of noise for 13 gold pieces
  4527 | D:4      | Bought a scroll of teleportation for 39 gold pieces
  4701 | D:4      | Found Ruahai's Book Emporium.
  4760 | D:4      | Found a staircase to the Ecumenical Temple.
  4824 | D:5      | Entered Level 5 of the Dungeon
  4824 | D:5      | Noticed an ice beast
  4842 | D:5      | Killed an ice beast
  4843 | D:5      | Reached XP level 7. HP: 31/61 MP: 7/7
  5005 | D:5      | Found a sacrificial altar of Ru.
  5205 | D:4      | Slain by an ogre

Illustrated notes

Levels and vault maps discovered:
D:1:      lightli_arrival_noodles, layout_basic,
          hellmonk_ecumenical_altar_zigzags, minmay_tetromino_l4
D:2:      layout_loops_ring, uniq_natasha
D:3:      layout_loops_ring, worldfamousw_hep_ancestral_shrine, serial_shops,
          shop, ebering_ghost_sewer_d, grunt_ministairs_8,
          minmay_misc_feat_doors, grunt_decor_cap, minmay_statues_item,
          uniq_robin, uniq_crazy_yiuf_cottage
D:4:      layout_rooms, minmay_temple_entry_from_below_a, serial_shops,
          nicolae_take_the_stairs, shop, nicolae_inconvenience_store,
          nicolae_stop_n_shop_1, uniq_blork_the_orc
D:5:      layout_rooms, kennysheep_mini_moat, slow_altar_2

Skill      XL: |  1  2  3  4  5  6 |
---------------+-------------------+-----
Polearms       | 3 4 5 |  5.4
Fighting       | 4 5 |  5.3
Shields        | 4 |  4.8
Armour         | 4 |  4.8

Action                   |  1- 3 |  4- 6 |  7- 9 || total
-------------------------+-------+-------+-------++-------
Melee: Trident           |    70 |   184 |    12 ||   266
Throw: Dart              |    23 |    22 |       ||    45
  Use: Scroll            |     1 |     8 |       ||     9
       Potion            |       |       |     1 ||     1
Armor: Scale mail        |    24 |   105 |     6 ||   135
Dodge: Dodged            |    14 |    70 |     1 ||    85
Block: Kite shield       |    27 |   125 |     5 ||   157
